 Dungeon Crawl Stone Soup version 0.22-a0-252-gcace5d2 (webtiles) character file.

1412 Ijustatesigmund the Shield-Bearer (level 8, -6/67 HPs)
             Began as a Gnoll Fighter on Mar 1, 2018.
             Mangled by a gnoll
             ... wielding a +1 spear of distortion
              (16 damage)
             ... on level 7 of the Dungeon.
             The game lasted 00:14:25 (5638 turns).

Ijustatesigmund the Shield-Bearer (Gnoll Fighter)   Turns: 5638, Time: 00:14:26

Health: -6/67      AC:  6    Str: 19    XL:     8   Next: 70%
Magic:  13/13      EV:  5    Int: 10    God:
Gold:   152        SH:  0    Dex: 17    Spells: 13/13 levels left

rFire    + . .     SeeInvis .   m - +1 whip (venom)
rCold    + . .     Gourm    .   c - +0 shield
rNeg     . . .     Faith    .   b - +0 ring mail (curse)
rPois    .         Spirit   .   (helmet restricted)
rElec    .         Reflect  .   (no cloak)
rCorr    .         Harm     .   (no gloves)
MR       .....                  (no boots)
Stlth    ++........             g - amulet of rage
HPRegen  0.21/turn              (no ring)
MPRegen  0.13/turn              p - ring of protection from fire

@: held, drained
A: distributed training, antennae 1, fangs 1, cold resistance 1, strong nose
a: Evoke Berserk Rage


You were on level 7 of the Dungeon.
You were not hungry.

You visited 1 branch of the dungeon, and saw 7 of its levels.

You collected 152 gold pieces.

Inventory:

Hand Weapons
 a - a +0 flail
 m - a +1 whip of venom (weapon)
 t - a +0 spear of piercing
Armour
 b - a cursed +0 ring mail (worn)
 c - a +0 shield (worn)
 j - a +0 large shield
Jewellery
 g - an amulet of rage (around neck)
 p - a ring of protection from fire (right hand)
 s - an uncursed ring of ice
Scrolls
 d - a scroll of identify
 i - 2 scrolls of remove curse
 l - 2 scrolls of amnesia
Potions
 e - a potion of curing
 h - a potion of agility
 k - a potion of ambrosia {unknown}
 q - a potion of lignification
 r - a potion of flight
Comestibles
 f - 7 rations


   Skills:
 + Level 7.4(6.5) Fighting
 + Level 3.4(2.6) Short Blades
 + Level 3.4(2.6) Long Blades
 + Level 3.4(2.6) Axes
 + Level 5.8(4.9) Maces & Flails
 + Level 3.4(2.6) Polearms
 + Level 3.4(2.6) Staves
 + Level 3.4(2.6) Slings
 + Level 3.4(2.6) Bows
 + Level 3.4(2.6) Crossbows
 + Level 3.4(2.6) Throwing
 + Level 7.4(6.5) Armour
 + Level 3.4(2.6) Dodging
 + Level 3.4(2.6) Stealth
 + Level 7.4(6.5) Shields
 + Level 3.4(2.6) Unarmed Combat
 + Level 3.4(2.6) Spellcasting
 + Level 2.8(2.0) Conjurations
 + Level 2.8(2.0) Hexes
 + Level 2.8(2.0) Charms
 + Level 2.8(2.0) Summonings
 + Level 2.8(2.0) Necromancy
 + Level 2.8(2.0) Translocations
 + Level 2.8(2.0) Transmutations
 + Level 2.8(2.0) Fire Magic
 + Level 2.8(2.0) Ice Magic
 + Level 2.8(2.0) Air Magic
 + Level 2.8(2.0) Earth Magic
 + Level 2.8(2.0) Poison Magic
 + Level 3.8(2.9) Invocations
 + Level 3.4(2.6) Evocations


You had 13 spell levels left.
You didn't know any spells.

Dungeon Overview and Level Annotations

Branches:
Dungeon (7/15)
 Temple: D:4-7

Altars:
Ashenzari
Makhleb

Shops:
D:4 [


Innate Abilities, Weirdness & Mutations

Your experience applies equally to all skills.
You have very sharp teeth.
Your uncanny sense of smell can sniff out nearby items.
You have a pair of small antennae on your head.
Your flesh is cold resistant. (rC+)


Message History

A gnoll comes into view.
A gnoll comes into view. It is wielding a spear of distortion.
You block the adder's attack.
Found an escape hatch in the ceiling.
The orc shouts!
The adder bites you.
* * * LOW HITPOINT WARNING * * *
Found a leather armour.
A gnoll comes into view. It is wielding a whip.
The gnoll shouts!
The gnoll throws a throwing net.
The throwing net hits you.
You become entangled in the net!
You see here a throwing net.
You struggle against the net.
The adder barely misses you.
You struggle against the net.
The adder bites you but does no damage. The orc hits you but does no damage.
The adder bites you but does no damage.
The gnoll hits you from afar with a spear of distortion.
* * * LOW HITPOINT WARNING * * *
Space warps horribly around you!
You die...

.... .∆ #####....
..#####+###........
..........$.....g..
###......o.....g...
.....o.o.oo........
#....ro..ozg......
#.....#####So....##
###.# #@....... #
#<.....## #######.[
. ∆ ∆


You could see a wight, an orc priest, 3 gnolls, an adder and 4 orcs.

Vanquished Creatures
  Prince Ribbit (D:6)
  2 orc warriors
  A sky beast (D:6)
  2 ogres
  A water moccasin zombie (D:5)
  A scorpion (D:4)
  A wight (D:6)
  A crimson imp (D:5)
  A jelly (D:6)
  A gnoll shaman (D:5)
  3 orc priests
  2 hounds (D:5)
  An iguana (D:3)
  3 worker ants
  A worker ant zombie (D:5)
  11 adders
  7 gnolls
  An adder skeleton (D:4)
  2 worms
  2 dart slugs
  5 leopard geckos
  11 orcs
  A ball python (D:4)
  9 bats
  7 giant cockroaches
  8 goblins
  8 hobgoblins
  11 jackals
  13 frilled lizards
  A jackal skeleton (D:6)
  9 kobolds
  12 rats
140 creatures vanquished.

Notes
Turn   | Place    | Note
-------+----------+-------------------------------------------
     0 | D:1      | Ijustatesigmund the Gnoll Fighter began the quest for the Orb.
     0 | D:1      | Reached XP level 1. HP: 23/23 MP: 1/1
    49 | D:1      | Reached XP level 2. HP: 29/29 MP: 2/2
   237 | D:1      | Reached XP level 3. HP: 23/35 MP: 3/3
  1036 | D:2      | Reached skill level 1 in Invocations
  1088 | D:2      | Reached skill level 1 in Short Blades
  1088 | D:2      | Reached skill level 1 in Long Blades
  1088 | D:2      | Reached skill level 1 in Axes
  1088 | D:2      | Reached skill level 1 in Polearms
  1088 | D:2      | Reached skill level 1 in Staves
  1088 | D:2      | Reached skill level 1 in Slings
  1088 | D:2      | Reached skill level 1 in Bows
  1088 | D:2      | Reached skill level 1 in Crossbows
  1088 | D:2      | Reached skill level 1 in Throwing
  1088 | D:2      | Reached skill level 1 in Dodging
  1088 | D:2      | Reached skill level 1 in Stealth
  1088 | D:2      | Reached skill level 1 in Unarmed Combat
  1088 | D:2      | Reached skill level 1 in Spellcasting
  1088 | D:2      | Reached skill level 1 in Evocations
  1120 | D:2      | Reached XP level 4. HP: 26/41 MP: 5/5
  1297 | D:2      | Reached skill level 1 in Conjurations
  1297 | D:2      | Reached skill level 1 in Hexes
  1297 | D:2      | Reached skill level 1 in Charms
  1297 | D:2      | Reached skill level 1 in Summonings
  1297 | D:2      | Reached skill level 1 in Necromancy
  1297 | D:2      | Reached skill level 1 in Translocations
  1297 | D:2      | Reached skill level 1 in Transmutations
  1297 | D:2      | Reached skill level 1 in Fire Magic
  1297 | D:2      | Reached skill level 1 in Ice Magic
  1297 | D:2      | Reached skill level 1 in Air Magic
  1297 | D:2      | Reached skill level 1 in Earth Magic
  1297 | D:2      | Reached skill level 1 in Poison Magic
  1620 | D:2      | Found a shattered altar of Ashenzari.
  1970 | D:3      | Reached XP level 5. HP: 42/47 MP: 6/6
  2789 | D:4      | Found Zuwnumom's Antique Armour Shoppe.
  3551 | D:4      | Reached XP level 6. HP: 49/53 MP: 8/8
  3862 | D:5      | Entered Level 5 of the Dungeon
  3868 | D:5      | Noticed an orc warrior
  3876 | D:5      | Killed an orc warrior
  3876 | D:5      | Reached skill level 5 in Maces & Flails
  3879 | D:5      | Reached XP level 7. HP: 47/59 MP: 8/10
  4805 | D:6      | Gained mutation: You have a pair of small antennae on your head. [potion of mutation]
  4805 | D:6      | Gained mutation: Your flesh is cold resistant. (rC+) [potion of mutation]
  4807 | D:6      | Reached XP level 8. HP: 29/67 MP: 12/12
  5434 | D:6      | Found a burning altar of Makhleb.
  5435 | D:6      | Noticed Prince Ribbit
  5461 | D:6      | Killed Prince Ribbit
  5638 | D:7      | Mangled by a gnoll

Vault maps used:
D:1:      evilmike_arrival_crescent, st_stairs_3
D:2:      ashenzari_altar_1
D:3:      patterned_corridor
D:4:      serial_shops, shop_statue, first_ration, gup_sewer_entry_bubbles,
          kennysheep_cross_bottleneck
D:5:      minmay_temple_entry_poolview, minmay_misc_feat_roman
D:6:      grunt_temple_overflow_order_and_chaos_2, minivault_11,
          uniq_prince_ribbit1, uniq_pikel
D:7:      basic_altar, grunt_ogre_cave

Skill      XL: |  1  2  3  4  5  6  7  8 |
---------------+-------------------------+-----
Invocations    | 1 2 3 |  3.8
Short Blades   | 1 2 3 |  3.4
Long Blades    | 1 2 3 |  3.4
Axes           | 1 2 3 |  3.4
Polearms       | 1 2 3 |  3.4
Staves         | 1 2 3 |  3.4
Slings         | 1 2 3 |  3.4
Bows           | 1 2 3 |  3.4
Crossbows      | 1 2 3 |  3.4
Throwing       | 1 2 3 |  3.4
Dodging        | 1 2 3 |  3.4
Stealth        | 1 2 3 |  3.4
Unarmed Combat | 1 2 3 |  3.4
Spellcasting   | 1 2 3 |  3.4
Evocations     | 1 2 3 |  3.4
Conjurations   | 1 2 |  2.8
Hexes          | 1 2 |  2.8
Charms         | 1 2 |  2.8
Summonings     | 1 2 |  2.8
Necromancy     | 1 2 |  2.8
Translocations | 1 2 |  2.8
Transmutations | 1 2 |  2.8
Fire Magic     | 1 2 |  2.8
Ice Magic      | 1 2 |  2.8
Air Magic      | 1 2 |  2.8
Earth Magic    | 1 2 |  2.8
Poison Magic   | 1 2 |  2.8
Maces & Flails | 5 |  5.8
Fighting       | 7 |  7.4
Armour         | 7 |  7.4
Shields        | 7 |  7.4

Action                   |  1- 3 |  4- 6 |  7- 9 || total
-------------------------+-------+-------+-------++-------
Melee: Flail             |    98 |   219 |    23 ||   340
       Bite              |     9 |    23 |    24 ||    56
       Whip              |       |       |   131 ||   131
  Use: Potion            |     2 |     2 |     8 ||    12
       Scroll            |     1 |     7 |     1 ||     9
 Stab: Sleeping          |       |     3 |     1 ||     4
       Invisible         |       |       |     1 ||     1
  Eat: Chunk             |       |     9 |     3 ||    12
       Ration            |       |       |     1 ||     1
Armor: Scale mail        |    41 |       |       ||    41
       Ring mail         |       |    84 |    21 ||   105
Dodge: Dodged            |    33 |    67 |    58 ||   158
Block: Shield            |    66 |   138 |    58 ||   262

Table legend:
 A = Spawn XP
 B = Non-spawn XP
 C = Spawn XP percentage of total XP
 D = Spawn monster count
 E = Non-spawn monster count
 F = Spawn count percentage of total count
 G = Total turns spent on level
                    A         B        C        D         E        F      G
               +---------+---------+-------+---------+---------+-------+---------
         Total |       0 |    2018 |   0.0 |       0 |     140 |   0.0 |  5638
               +---------+---------+-------+---------+---------+-------+---------
           D:1 |       0 |      56 |   0.0 |       0 |      28 |   0.0 |  1007
           D:2 |       0 |      88 |   0.0 |       0 |      22 |   0.0 |   768
           D:3 |       0 |     105 |   0.0 |       0 |      30 |   0.0 |  1009
           D:4 |       0 |     172 |   0.0 |       0 |      22 |   0.0 |  1078
           D:5 |       0 |     755 |   0.0 |       0 |      23 |   0.0 |   768
           D:6 |       0 |     842 |   0.0 |       0 |      15 |   0.0 |  1001
               +---------+---------+-------+---------+---------+-------+---------
